 Dungeon Crawl Stone Soup version 0.32-a0-913-g739538afd8 (webtiles) character file.

Game seed: 5409233378830351668

7 Bediveer the Changeling (level 2, 0/17 HPs)
             Began as an Oni Shapeshifter on Apr 9, 2024.
             Slain by a goblin
             ... wielding a +0 club
              (3 damage)
             ... on level 1 of the Dungeon.
             The game lasted 00:00:25 (39 turns).

Bediveer the Changeling (Oni Shapeshifter)            Turns: 39, Time: 00:00:25

Health: 0/17       AC:  1    Str: 17    XL:     2   Next: 0%
Magic:  2/2        EV: 12    Int: 11    God:
Gold:   0          SH:  0    Dex:  8    Spells: 1/1 levels left

rFire   . .          .
                       - Unarmed
rCold   . . .        (shield currently unavailable)
rNeg    . . .        a - melded +0 animal skin
rPois   .            (helmet restricted)
rElec   .            (no cloak)
rCorr   .            (gloves unavailable)
SInv    .            (boots unavailable)
Will    .....        (no amulet)
Stlth   +            (no ring)
HPRegen 0.22/turn    (no ring)
MPRegen 0.08/turn

%: no passive effects
@: flux-form, glowing
A: glow, contaminating, reduced hp, large, unfitting armour, horns 1, tough skin
1, double potion healing, drunken brawling
a: Begin Untransformation


You were on level 1 of the Dungeon.
You were something dangerously unstable.
You visited 1 branch of the dungeon, and saw 1 of its levels.

Inventory:

Armour
 a - a +0 animal skin (melded)
Talismans
 c - a beast talisman
 d - a flux talisman (active)
Potions
 b - a potion of lignification


   Skills:
 + Level 1.9 Fighting
 - Level 1.7 Dodging
 - Level 2.6 Unarmed Combat
 * Level 3.2 Shapeshifting


You had one spell level left.
You didn't know any spells.
Your spell library was empty.

Dungeon Overview and Level Annotations

Branches:
Dungeon (1/15)

Altars:


Innate Abilities, Weirdness & Mutations

You are something dangerously unstable.
You glow with magical radiation, making you easy to see and hit.
Foes you strike become dangerously contaminated with magical radiation.
Your maximum health is decreased, since you lack skill for your form.
You are incapable of wielding weapons or throwing items.
You are too large for most types of armour.
You have a pair of small horns on your head.
You have tough skin. (AC +1)
You gain doubled healing and magic from potions.
Whenever you drink a healing potion, you attack all around you.


Message History

An endoplasm comes into view.
The goblin closely misses you. The dart slug bites you.
You closely miss the goblin. The goblin hits you with a +0 club.
You are too injured to fight recklessly!
You are too injured to fight recklessly!
You are too injured to fight recklessly!
You are too injured to fight recklessly!
You are too injured to fight recklessly!
You are too injured to fight recklessly!
You are too injured to fight recklessly!
You are too injured to fight recklessly!
You are too injured to fight recklessly!
You are too injured to fight recklessly!
You are too injured to fight recklessly!
You are too injured to fight recklessly!
You are too injured to fight recklessly!
You are too injured to fight recklessly!
You are too injured to fight recklessly!
You are too injured to fight recklessly!
You are too injured to fight recklessly!
You are too injured to fight recklessly!
You hit the dart slug.
The dart slug begins to glow.
The dart slug is moderately wounded.
The goblin hits you with a +0 club.
* * * LOW HITPOINT WARNING * * *
The dart slug bites you.
* * * LOW HITPOINT WARNING * * *
You hit the dart slug but do no damage.
The dart slug glows dangerously bright.
You headbutt the dart slug, but do no damage.
The dart slug is moderately wounded.
The goblin closely misses you. The dart slug misses you.
The goblin attacks as it pursues you! The goblin hits you with a +0 club.
* * * LOW HITPOINT WARNING * * *
You hit the goblin.
The goblin begins to glow.
Your headbutt misses the goblin.
The goblin is heavily wounded.
The goblin closely misses you.
You barely miss the goblin. Your headbutt misses the goblin.
The goblin is heavily wounded.
The goblin hits you with a +0 club.
You die...

#. . #. ..####. ...
... ..... .. ... #
.... .. ..!. ##.
#.. ##. .....
.$.##..####..#.....
...##.p.##.#......
#..#.#g##........
#....w##........ .#
##.......J......
.g. ###..#.).......
#.###......##.....
#....).#..## .....
##..##.#>.# ....
#.........# ...


You could see a dart slug (contam) and a goblin (contam).

Vanquished Creatures
  An endoplasm (D:1)
  2 goblins (D:1)
  A kobold (D:1)
  A frilled lizard (D:1)
  A rat (D:1)
6 creatures vanquished.

Notes
Turn   | Place    | Note
-------+----------+-------------------------------------------
     0 | D:1      | Bediveer the Oni Shapeshifter began the quest for the Orb.
     0 | D:1      | Reached XP level 1. HP: 19/19 MP: 1/1
    21 | D:1      | Reached XP level 2. HP: 24/28 MP: 2/2
    39 | D:1      | Slain by a goblin

Illustrated notes

Levels and vault maps discovered:
D:1:      dreamdust_arrival_sigmund_warning, layout_rooms,
          minmay_misc_feat_diagonals

Action                     || total
---------------------------++-------
  Melee: Unarmed           ||    14
         Headbutt          ||     3
 Armour: Animal skin       ||     2
         Skin              ||     7
  Dodge: Dodged            ||     4
   Form: Flux              ||     1

Table legend: (Time is in decaauts)
 A = Elapsed time spent in this place.
 B = Non-inter-level travel time spent in this place.
 C = Inter-level travel time spent in this place.
 D = Time resting spent in this place.
 E = Time spent auto-exploring this place.
 F = Levels seen in this place.
 G = Mean time per level.
                   A        B        C        D        E       F      G
               +--------+--------+--------+--------+--------+-----+--------+
         Total |     38 |     38 |      0 |      0 |      2 |   1 |   38.0 |
       Dungeon |     38 |     38 |      0 |      0 |      2 |   1 |   38.0 |
               +--------+--------+--------+--------+--------+-----+--------+

Top non-repeatable levels by time:
     D:1: 38 daAuts
